TOP OF THE 1ST |
Chicago White Sox batting - Pitching for Cleveland Spiders : RHP Rick Rhoden
|
Pitching: RHP Rick Rhoden
|
|
Batting: SHB Ozzie Smith
|
0-0: Ball 1-0: Foul Ball, location: 2F 1-1: Fly out, F7 (Flyball, 7LS, EV 86.9 MPH)
|
Batting: RHB Steve Henderson
|
0-0: Ground out 6-3 (Groundball, 56, EV 76.9 MPH)
|
Batting: LHB Mitchell Page
|
0-0: Ground out U3 (Groundball, 34, EV 91.3 MPH)
|
Top of the 1st over - 0 runs, 0 hits, 0 errors, 0 left on base; Chicago 0 - Cleveland 0 |
BOTTOM OF THE 1ST |
Cleveland Spiders batting - Pitching for Chicago White Sox : RHP Dave Rozema
|
Pitching: RHP Dave Rozema
|
|
Batting: SHB Bump Wills
|
0-0: Ball 1-0: Called Strike 1-1: Ground out 4-3 (Groundball, 4S, EV 80.0 MPH)
|
Batting: RHB Kevin Bell
|
0-0: Called Strike 0-1: SINGLE (Groundball, 56D, EV 95.6 MPH)
|
Batting: RHB Clayton Elliott
|
0-0: Called Strike 0-1: Ball 1-1: Ball 2-1: Foul Ball, location: 2F 2-2: Ball 3-2: Fly out, F3 (Popup, 3SF, EV 71.3 MPH)
|
Batting: SHB Salvador Perez
|
0-0: Ball 1-0: Foul Ball, location: 2F 1-1: Called Strike 1-2: Foul Ball, location: 2F 1-2: Foul Ball, location: 2F 1-2: Ball Kevin Bell steals 2nd base (no throw) 2-2: Ball 3-2: Ground out 6-3 (Groundball, 6, EV 77.5 MPH)
|
Bottom of the 1st over - 0 runs, 1 hit, 0 errors, 1 left on base; Chicago 0 - Cleveland 0 |
TOP OF THE 2ND |
Chicago White Sox batting - Pitching for Cleveland Spiders : RHP Rick Rhoden
|
Batting: RHB Tim Teufel
|
0-0: Ball 1-0: Ball 2-0: Ground out 6-3 (Groundball, 6, EV 91.9 MPH)
|
Batting: SHB Dwayne Taggart
|
0-0: Fly out, F7 (Flyball, 7, EV 75.6 MPH)
|
Batting: LHB Ryan MacFarland
|
0-0: Ball 1-0: Called Strike 1-1: SOLO HOME RUN (Flyball, 89XD, EV 109.4 MPH), Distance : 418 ft
|
Batting: RHB Mike A Marshall
|
0-0: Ball 1-0: Foul Ball, location: 2F 1-1: Ball 2-1: Called Strike 2-2: Foul Ball, location: 2F 2-2: Fly out, F9 (Flyball, 9LS, EV 91.9 MPH)
|
Top of the 2nd over - 1 run, 1 hit, 0 errors, 0 left on base; Chicago 1 - Cleveland 0 |
BOTTOM OF THE 2ND |
Cleveland Spiders batting - Pitching for Chicago White Sox : RHP Dave Rozema
|
Batting: RHB Alan Trammell
|
0-0: Called Strike 0-1: Called Strike 0-2: Ball 1-2: Ground out 4-3 (Groundball, 34D, EV 101.3 MPH)
|
Batting: RHB Randy Elliott
|
0-0: Called Strike 0-1: Ball 1-1: Ball 2-1: Foul Ball, location: 2F 2-2: Foul Ball, location: 2F 2-2: Ground out 6-3 (Groundball, 6, EV 86.9 MPH)
|
Batting: RHB Gene Tenace
|
0-0: Ball 1-0: Called Strike 1-1: Fly out, F9 (Flyball, 8RS, EV 88.8 MPH)
|
Bottom of the 2nd over - 0 runs, 0 hits, 0 errors, 0 left on base; Chicago 1 - Cleveland 0 |
TOP OF THE 3RD |
Chicago White Sox batting - Pitching for Cleveland Spiders : RHP Rick Rhoden
|
Batting: SHB Wayne Tolleson
|
0-0: Ball 1-0: Swinging Strike 1-1: Ball 2-1: Fly out, F2 (Popup, 25F, EV 89.4 MPH)
|
Batting: LHB Steve Christmas
|
0-0: Ball 1-0: Reached on error, E5 (Groundball, 56, EV 83.8 MPH)
|
Batting: SHB Ozzie Smith
|
0-0: Swinging Strike 0-1: Ball 1-1: Swinging Strike 1-2: Fly out, F9 (Flyball, 9, EV 86.3 MPH)
|
Batting: RHB Steve Henderson
|
0-0: Ball 1-0: Ball 2-0: Called Strike 2-1: Swinging Strike 2-2: Fly out, F8 (Line Drive, 8LM, EV 101.9 MPH)
|
Top of the 3rd over - 0 runs, 0 hits, 1 error, 1 left on base; Chicago 1 - Cleveland 0 |
BOTTOM OF THE 3RD |
Cleveland Spiders batting - Pitching for Chicago White Sox : RHP Dave Rozema
|
Batting: RHB Jesse Barfield
|
0-0: Fly out, F8 (Flyball, 8LD, EV 84.4 MPH)
|
Batting: RHB Jordan Ventura
|
0-0: SINGLE (Line Drive, 78S, EV 93.8 MPH)
|
Batting: SHB Bump Wills
|
0-0: Grounds into double play, 4-6-3 (Groundball, 4M, EV 78.8 MPH)
|
Bottom of the 3rd over - 0 runs, 1 hit, 0 errors, 0 left on base; Chicago 1 - Cleveland 0 |
TOP OF THE 4TH |
Chicago White Sox batting - Pitching for Cleveland Spiders : RHP Rick Rhoden
|
Batting: LHB Mitchell Page
|
0-0: Ball 1-0: Foul Ball, location: 2F 1-1: Ground out 4-3 (Groundball, 4, EV 87.5 MPH)
|
Batting: RHB Tim Teufel
|
0-0: Foul Ball, location: 2F 0-1: DOUBLE (Line Drive, 9LM, EV 100.0 MPH)
|
Batting: SHB Dwayne Taggart
|
0-0: Ball 1-0: Ball 2-0: Ball 3-0: Ground out 1-3 (Groundball, 23, EV 73.8 MPH) Tim Teufel to third
|
Batting: LHB Ryan MacFarland
|
0-0: Foul Ball, location: 2F 0-1: Fly out, F9 (Flyball, 9S, EV 93.1 MPH)
|
Top of the 4th over - 0 runs, 1 hit, 0 errors, 1 left on base; Chicago 1 - Cleveland 0 |
BOTTOM OF THE 4TH |
Cleveland Spiders batting - Pitching for Chicago White Sox : RHP Dave Rozema
|
Batting: RHB Kevin Bell
|
0-0: Ball 1-0: Called Strike 1-1: Ball 2-1: Foul Ball, location: 2F 2-2: Ball 3-2: Foul Ball, location: 2F 3-2: Ground out 6-3 (Groundball, 6, EV 87.5 MPH)
|
Batting: RHB Clayton Elliott
|
0-0: Ball 1-0: Called Strike 1-1: Swinging Strike 1-2: Ball 2-2: Ground out U3 (Groundball, 3S, EV 83.1 MPH)
|
Batting: SHB Salvador Perez
|
0-0: Ball 1-0: Called Strike 1-1: Called Strike 1-2: Fly out, F8 (Line Drive, 8RM, EV 90.0 MPH)
|
Bottom of the 4th over - 0 runs, 0 hits, 0 errors, 0 left on base; Chicago 1 - Cleveland 0 |
TOP OF THE 5TH |
Chicago White Sox batting - Pitching for Cleveland Spiders : RHP Rick Rhoden
|
Batting: RHB Mike A Marshall
|
0-0: Ball 1-0: Called Strike 1-1: Ball 2-1: Called Strike 2-2: Foul Ball, location: 2F 2-2: Foul Ball, location: 2F 2-2: Foul Ball, location: 2F 2-2: Ball 3-2: Strikes out swinging
|
Batting: SHB Wayne Tolleson
|
0-0: Called Strike 0-1: Ball 1-1: Ball 2-1: Fly out, F7 (Flyball, 78D, EV 100.0 MPH)
|
Batting: LHB Steve Christmas
|
0-0: Ground out 6-3 (Groundball, 6, EV 76.3 MPH)
|
Top of the 5th over - 0 runs, 0 hits, 0 errors, 0 left on base; Chicago 1 - Cleveland 0 |
BOTTOM OF THE 5TH |
Cleveland Spiders batting - Pitching for Chicago White Sox : RHP Dave Rozema
|
Batting: RHB Alan Trammell
|
0-0: Ball 1-0: Swinging Strike 1-1: Ball 2-1: Foul Ball, location: 2F 2-2: Ball 3-2: Ground out 5-3 (Groundball, 25, EV 84.4 MPH)
|
Batting: RHB Randy Elliott
|
0-0: Called Strike 0-1: Ball 1-1: Foul Ball, location: 2F 1-2: Ball 2-2: Fly out, F9 (Flyball, 9, EV 90.0 MPH)
|
Batting: RHB Gene Tenace
|
0-0: Foul Ball, location: 2F 0-1: Ball 1-1: Swinging Strike 1-2: Foul Ball, location: 2F 1-2: Foul Ball, location: 2F 1-2: Ball 2-2: Foul Ball, location: 2F 2-2: Fly out, F8 (Line Drive, 8LD, EV 88.8 MPH)
|
Bottom of the 5th over - 0 runs, 0 hits, 0 errors, 0 left on base; Chicago 1 - Cleveland 0 |
TOP OF THE 6TH |
Chicago White Sox batting - Pitching for Cleveland Spiders : RHP Rick Rhoden
|
Batting: SHB Ozzie Smith
|
0-0: Ball 1-0: Ball 2-0: Ball 3-0: Called Strike 3-1: SINGLE (Groundball, 4M, EV 92.5 MPH) (infield hit)
|
Batting: RHB Steve Henderson
|
0-0: Foul Ball, location: 2F 0-1: Foul Ball, location: 2F 0-2: Ball 1-2: Foul Ball, location: 2F 1-2: Foul Ball, location: 2F 1-2: Fielders Choice at 2nd, 4-6 (Groundball, 4, EV 89.4 MPH)
|
Batting: LHB Mitchell Page
|
0-0: Ball 1-0: Swinging Strike 1-1: SINGLE (Line Drive, 4D, EV 97.5 MPH) Steve Henderson to second Runner from 2nd tries for 3rd, SAFE, no throw by RF
|
Batting: RHB Tim Teufel
|
0-0: Ball 1-0: Foul Ball, location: 2F 1-1: Called Strike 1-2: Foul Ball, location: 2F 1-2: Strikes out swinging
|
Batting: SHB Dwayne Taggart
|
0-0: Called Strike 0-1: Swinging Strike 0-2: Ball 1-2: Ball 2-2: Fly out, F6 (Flyball, 6D, EV 80.0 MPH)
|
Top of the 6th over - 0 runs, 2 hits, 0 errors, 2 left on base; Chicago 1 - Cleveland 0 |
BOTTOM OF THE 6TH |
Cleveland Spiders batting - Pitching for Chicago White Sox : RHP Dave Rozema
|
Batting: RHB Jesse Barfield
|
0-0: Ball 1-0: Swinging Strike 1-1: Foul Ball, location: 2F 1-2: Fly out, F9 (Flyball, 9LS, EV 89.4 MPH)
|
Batting: RHB Jordan Ventura
|
0-0: Swinging Strike 0-1: Called Strike 0-2: Ball 1-2: Strikes out looking
|
Batting: SHB Bump Wills
|
0-0: Ball 1-0: Ground out 4-3 (Groundball, 4, EV 80.0 MPH)
|
Bottom of the 6th over - 0 runs, 0 hits, 0 errors, 0 left on base; Chicago 1 - Cleveland 0 |
TOP OF THE 7TH |
Chicago White Sox batting - Pitching for Cleveland Spiders : RHP Rick Rhoden
|
Batting: LHB Ryan MacFarland
|
0-0: Ball 1-0: Ball 2-0: Ground out 3-1 (Groundball, 34, EV 88.1 MPH)
|
Batting: RHB Mike A Marshall
|
0-0: SINGLE (Groundball, 25, EV 75.0 MPH) (infield hit)
|
Batting: SHB Wayne Tolleson
|
0-0: Called Strike 0-1: Ground out U3 (Groundball, 13, EV 78.1 MPH) Mike A Marshall to second
|
Batting: LHB Steve Christmas
|
0-0: Ball 1-0: Called Strike 1-1: DOUBLE (Line Drive, 7LS, EV 113.1 MPH) Mike A Marshall scores
|
Batting: SHB Ozzie Smith
|
0-0: Called Strike 0-1: Swinging Strike 0-2: Ball 1-2: Ball 2-2: Ground out 3-1 (Groundball, 34S, EV 84.4 MPH)
|
Top of the 7th over - 1 run, 2 hits, 0 errors, 1 left on base; Chicago 2 - Cleveland 0 |
BOTTOM OF THE 7TH |
Cleveland Spiders batting - Pitching for Chicago White Sox : RHP Dave Rozema
|
Batting: RHB Kevin Bell
|
0-0: Foul Ball, location: 2F 0-1: Foul Ball, location: 2F 0-2: Strikes out swinging
|
Batting: RHB Clayton Elliott
|
0-0: Ball 1-0: Foul Ball, location: 2F 1-1: Foul Ball, location: 2F 1-2: Strikes out looking
|
Batting: SHB Salvador Perez
|
0-0: Ball 1-0: Foul Ball, location: 2F 1-1: Ball 2-1: Foul Ball, location: 2F 2-2: Strikes out swinging
|
Bottom of the 7th over - 0 runs, 0 hits, 0 errors, 0 left on base; Chicago 2 - Cleveland 0 |
TOP OF THE 8TH |
Chicago White Sox batting - Pitching for Cleveland Spiders : RHP Rick Rhoden
|
Batting: RHB Steve Henderson
|
0-0: Ball 1-0: Fly out, F8 (Flyball, 8RM, EV 88.8 MPH)
|
Batting: LHB Mitchell Page
|
0-0: Foul Ball, location: 2F 0-1: Ball 1-1: Ball 2-1: Called Strike 2-2: Fly out, F3 (Popup, 3F, EV 57.5 MPH)
|
Batting: RHB Tim Teufel
|
0-0: Called Strike 0-1: Ball 1-1: Ball 2-1: Swinging Strike 2-2: Strikes out swinging
|
Top of the 8th over - 0 runs, 0 hits, 0 errors, 0 left on base; Chicago 2 - Cleveland 0 |
BOTTOM OF THE 8TH |
Cleveland Spiders batting - Pitching for Chicago White Sox : RHP Dave Rozema
|
Batting: RHB Alan Trammell
|
0-0: Ball 1-0: Called Strike 1-1: Swinging Strike 1-2: Strikes out looking
|
Batting: RHB Randy Elliott
|
0-0: Called Strike 0-1: Ball 1-1: Called Strike 1-2: Ground out 6-3 (Groundball, 6, EV 88.1 MPH)
|
Batting: RHB Gene Tenace
|
0-0: Ball 1-0: Foul Ball, location: 2F 1-1: Foul Ball, location: 2F 1-2: Foul Ball, location: 2F 1-2: Ground out 4-3 (Groundball, 4MD, EV 86.9 MPH)
|
Bottom of the 8th over - 0 runs, 0 hits, 0 errors, 0 left on base; Chicago 2 - Cleveland 0 |
TOP OF THE 9TH |
Chicago White Sox batting - Pitching for Cleveland Spiders : RHP Rick Rhoden
|
Batting: SHB Dwayne Taggart
|
0-0: Ground out 4-3 (Groundball, 34D, EV 105.0 MPH)
|
Batting: LHB Ryan MacFarland
|
0-0: Ball 1-0: Foul Ball, location: 2F 1-1: Foul Ball, location: 2F 1-2: Ball 2-2: Foul Ball, location: 2F 2-2: Ground out 5-3 (Groundball, 5, EV 106.9 MPH)
|
Batting: RHB Mike A Marshall
|
0-0: Fly out, F7 (Flyball, 7LD, EV 104.4 MPH)
|
Top of the 9th over - 0 runs, 0 hits, 0 errors, 0 left on base; Chicago 2 - Cleveland 0 |
BOTTOM OF THE 9TH |
Cleveland Spiders batting - Pitching for Chicago White Sox : RHP Dave Rozema
|
Pitching: RHP Dave Stewart
|
|
Batting: RHB Jesse Barfield
|
0-0: Ball 1-0: Ball 2-0: Foul Ball, location: 2F 2-1: Called Strike 2-2: Strikes out looking
|
Batting: RHB Jordan Ventura
|
0-0: Foul Ball, location: 2F 0-1: Foul Ball, location: 2F 0-2: Foul Ball, location: 2F 0-2: Ball 1-2: Foul Ball, location: 2F 1-2: Ground out 6-3 (Groundball, 6, EV 90.6 MPH)
|
Batting: SHB Bump Wills
|
0-0: Ball 1-0: Ball 2-0: Foul Ball, location: 2F 2-1: Swinging Strike 2-2: Ball 3-2: Hit by Pitch
|
Batting: RHB Kevin Bell
|
0-0: Called Strike 0-1: Fielders Choice at 2nd, 6-4 (Groundball, 6, EV 106.9 MPH)
|
Bottom of the 9th over - 0 runs, 0 hits, 0 errors, 1 left on base; Chicago 2 - Cleveland 0 |
|